 Dungeon Crawl Stone Soup version 0.17-a0-910-ga669010 (webtiles) character file.

3061 inmateoo the Conjurer (level 9, -12/68 HPs)
             Began as a Demigod Conjurer on May 2, 2015.
             Killed from afar by Psyche (17 damage)
             ... with a wand of draining
             ... on level 8 of the Dungeon.
             The game lasted 00:19:52 (9095 turns).

inmateoo the Conjurer (Demigod Conjurer)            Turns: 9095, Time: 00:19:52

Health: -12/68     AC:  7    Str: 11    XL:     9   Next: 32%
Magic:  2/19       EV: 12    Int: 25    God:
Gold:   333        SH:  4    Dex: 18    Spells: 4 memorised, 7 levels left

rFire  . . .     SeeInvis .     o - +4 Vampire's Tooth {vamp}
rCold  . . .     Clarity  .     n - +1 leather armour {rPois}
rNeg   . . .     SustAb   +     C - +0 buckler
rPois  +         Gourm    .     G - +0 helmet
rElec  .         Spirit   .     (no cloak)
rCorr  .         Warding  .     f - +1 pair of gloves {archery}
rMut   .         Stasis   .     (no boots)
MR     .....                    (no amulet)
Stlth  +++.......               y - +2 ring of dexterity
                                e - ring of stealth

@: heavily drained, not resistant to hostile enchantments, fairly stealthy
A: high mp 1, sustain abilities
a: no special abilities


You were on level 8 of the Dungeon.
You were not hungry.

You visited 1 branch of the dungeon, and saw 8 of its levels.

You collected 389 gold pieces.
You spent 56 gold pieces at shops.

Inventory:

Hand weapons
 o - the +4 Vampire's Tooth (weapon) {vamp}
   (You took it off an orc on level 6 of the Dungeon)

   It inflicts no extra harm, but heals its wielder somewhat when it strikes a
   living foe.
 q - a +6 spear
Armour
 f - a +1 pair of gloves of archery (worn)
 n - a +1 leather armour of poison resistance (worn)
 C - a +0 buckler (worn)
 G - a +0 helmet (worn)
Jewellery
 e - a ring of stealth (left hand)
 j - a cursed ring of fire
 l - an uncursed ring of fire
 m - an uncursed ring of poison resistance
 x - an uncursed ring of see invisible {unknown}
 y - a +2 ring of dexterity (right hand)
Magical devices
 g - a wand of polymorph (18)
 p - a wand of cold (5)
 D - a wand of polymorph (15)
Scrolls
 a - 4 scrolls of remove curse
 d - 3 scrolls of blinking
 t - 3 scrolls of magic mapping
 w - 5 scrolls of teleportation
 z - 2 scrolls of identify
 A - a scroll of amnesia
Potions
 i - a potion of flight
 s - 4 potions of curing
 u - 4 potions of brilliance
 v - a potion of mutation {unknown}
 E - a potion of magic {unknown}
 F - a potion of might
Books
 b - a book of Conjurations

   Spells                             Type                      Level
   a - Magic Dart                     Conjuration                  1
   b - Searing Ray                    Conjuration                  2
   c - Dazzling Spray                 Conjuration/Hexes            3
   d - Fulminant Prism                Conjuration/Hexes            4
   e - Iskenderun's Mystic Blast      Conjuration                  4
   f - Iskenderun's Battlesphere      Conjuration/Charms           5
Comestibles
 c - 4 bread rations
 h - a beef jerky
 k - 5 fruits
 r - 2 meat rations
 B - a slice of pizza


   Skills:
 - Level 2.5(0.5) Fighting
 * Level 3.7(1.7) Short Blades
 - Level 4.0(1.9) Polearms
   Level 1.7(0.0) Bows
 + Level 0.1(0.0) Armour
 + Level 5.0(2.9) Dodging
 + Level 5.0(2.9) Stealth
 + Level 0.1(0.0) Shields
 + Level 4.5(2.4) Spellcasting
 * Level 7.2(5.0) Conjurations


You had 7 spell levels left.
You knew the following spells:

 Your Spells              Type           Power        Failure   Level  Hunger
a - Magic Dart            Conj           ####         3%          1    None
b - Searing Ray           Conj           ####..       6%          2    ##.....
c - Dazzling Spray        Conj/Hex       ###.....     28%         3    ###....
d - Iskenderun's Mystic   Conj           ####....     30%         4    ####...


Dungeon Overview and Level Annotations

Branches:
Dungeon (8/15)             Temple (0/1) D:6
   Lair: D:8-11

Shops:
D:6 :   D:7 *

Annotations:
D:8 Psyche; hornqvist's ghost, experienced FoFi


Innate Abilities, Weirdness & Mutations

You have an increased reservoir of magic (+10% MP).
Your attributes are resistant to harm.


Message History

Psyche zaps a wand.
The bolt of negative energy misses you.
Unknown command.
The searing ray hits Psyche.
Psyche is moderately wounded.
Psyche zaps a wand.
The bolt of negative energy hits you!
You feel drained.
Unknown command.
The searing ray misses Psyche.
Psyche zaps a wand.
The bolt of negative energy misses you. Psyche hits you with a dagger of chaos!
* * * LOW HITPOINT WARNING * * *
You feel your power leaking away.
Unknown command.
The searing ray hits Psyche.
Psyche is severely wounded.
Psyche zaps a wand.
The bolt of negative energy hits you!
You feel drained.
* * * LOW HITPOINT WARNING * * *
Unknown command.
You hit Psyche but do no damage.
Psyche is severely wounded.
Psyche zaps a wand.
The bolt of negative energy hits you!
You feel drained.
You die...

..# #......
.....# ...
......# .......+
#.......#
#.......#
#.....).#+####.
........@........
.......)@........
...............##
..............#
........##+####
........#
.......# ......+
.....# ..#


You could see Psyche.

Vanquished Creatures
  Grinder (D:6)
  Sigmund (D:6)
  Menkaure (D:4)
  Edmund (D:6)
  A water moccasin (D:7)
  3 orc warriors
  2 ice beasts
  6 ogres
  3 centaurs
  Blork the orc (D:6)
  A wyvern skeleton (D:7)
  A giant frog (D:7)
  A goliath beetle (D:5)
  A crimson imp (D:6)
  2 orc priests
  A giant frog skeleton (D:7)
  A hound (D:6)
  2 iguanas
  5 orc wizards
  Terence (D:3)
  Natasha (thrice) (D:4)
  5 worker ants
  2 worker ant zombies
  12 adders
  A river rat (D:5)
  4 gnolls (D:7)
  A shadow imp (D:7)
  6 worms
  6 giant geckos
  34 orcs
  4 ball pythons
  15 bats
  7 giant cockroaches
  16 hobgoblins
  20 jackals
  12 kobolds
  4 quokkas
  2 giant gecko zombies
  5 giant newts
  8 goblins
  A jackal skeleton (D:5)
  16 rats
220 creatures vanquished.

Vanquished Creatures (others)
  A bat zombie (D:5)
  A quokka (D:7)
2 creatures vanquished.

Grand Total: 222 creatures vanquished

Notes
Turn   | Place    | Note
--------------------------------------------------------------
     0 | D:1      | inmateoo, the Demigod Conjurer, began the quest for the Orb.
     0 | D:1      | Reached XP level 1. HP: 14/14 MP: 5/5
   325 | D:1      | Reached XP level 2. HP: 15/20 MP: 0/7
  1327 | D:2      | Reached skill level 4 in Conjurations
  1381 | D:2      | Reached XP level 3. HP: 26/26 MP: 8/8
  1794 | D:2      | Reached XP level 4. HP: 33/33 MP: 6/10
  2066 | D:2      | Learned a level 2 spell: Searing Ray
  2070 | D:2      | Learned a level 3 spell: Dazzling Spray
  2855 | D:3      | Found an iron altar of Okawaru.
  2878 | D:3      | Noticed Terence
  2951 | D:3      | Killed Terence
  3198 | D:3      | Reached XP level 5. HP: 39/39 MP: 4/11
  3539 | D:3      | Reached skill level 1 in Polearms
  3872 | D:4      | Found a shattered altar of Ashenzari.
  3872 | D:4      | Found a bloodstained altar of Trog.
  4106 | D:4      | Noticed Natasha
  4158 | D:4      | Killed Natasha
  4247 | D:4      | Noticed Menkaure
  4296 | D:4      | Found a basalt altar of Yredelemnul.
  4431 | D:4      | Noticed Natasha
  4436 | D:4      | Killed Menkaure
  4436 | D:4      | Reached skill level 1 in Fighting
  4436 | D:4      | Reached skill level 5 in Conjurations
  4436 | D:4      | Reached XP level 6. HP: 8/47 MP: 2/13
  4704 | D:4      | Killed Natasha
  4762 | D:4      | Noticed an ogre
  4766 | D:4      | Killed an ogre
  4893 | D:4      | Noticed Natasha
  4896 | D:4      | Killed Natasha
  5059 | D:5      | Entered Level 5 of the Dungeon
  5070 | D:5      | Found a stormy altar of Qazlal.
  5145 | D:5      | Reached XP level 7. HP: 28/52 MP: 5/15
  5619 | D:5      | Found a blossoming altar of Fedhas.
  5899 | D:5      | Reached skill level 1 in Bows
  5956 | D:5      | Found a snail-covered altar of Cheibriados.
  6068 | D:5      | Reached XP level 8. HP: 61/61 MP: 11/16
  6129 | D:6      | Noticed Edmund
  6131 | D:6      | Found a glowing silver altar of Zin.
  6131 | D:6      | Noticed Grinder
  6537 | D:6      | Reached skill level 6 in Conjurations
  6779 | D:6      | Noticed Sigmund
  6796 | D:6      | Killed Sigmund
  6796 | D:6      | Reached skill level 1 in Short Blades
  6810 | D:6      | Learned a level 4 spell: Iskenderun's Mystic Blast
  6825 | D:6      | Found a glowing golden altar of the Shining One.
  6849 | D:6      | Found Yczosop's Book Boutique.
  6906 | D:6      | Noticed Blork the orc
  6930 | D:6      | Killed Blork the orc
  7054 | D:6      | Killed Grinder
  7122 | D:6      | Found an ancient bone altar of Kikubaaqudgha.
  7190 | D:6      | Found a staircase to the Ecumenical Temple.
  7303 | D:6      | Killed Edmund
  7932 | D:7      | Reached XP level 9. HP: 50/68 MP: 8/18
  8292 | D:7      | Reached skill level 7 in Conjurations
  8372 | D:7      | Found a white marble altar of Elyvilon.
  8539 | D:7      | Reached skill level 5 in Dodging
  8539 | D:7      | Reached skill level 5 in Stealth
  8582 | D:7      | Found Rofaje's General Store.
  8627 | D:7      | Bought a potion of might for 56 gold pieces
  8888 | D:8      | Noticed hornqvist's ghost (experienced FoFi)
  9084 | D:8      | Noticed Psyche
  9095 | D:8      | Killed from afar by Psyche

Action                   |  1- 3 |  4- 6 |  7- 9 || total
-------------------------+-------+-------+-------++-------
Melee: Spear             |    57 |   126 |    81 ||   264
       Dagger            |       |       |   203 ||   203
       Unarmed           |       |       |    12 ||    12
 Fire: Hunting sling     |    40 |    30 |       ||    70
       Shortbow          |       |       |     5 ||     5
Throw: Stone             |    36 |       |       ||    36
 Cast: Magic Dart        |    32 |    79 |    28 ||   139
       Searing Ray       |       |     8 |    30 ||    38
       Dazzling Spray    |       |     1 |    14 ||    15
  Use: Scroll            |       |     8 |     5 ||    13
       Potion            |       |       |     1 ||     1
 Stab: Sleeping          |     4 |     7 |    10 ||    21
       Distracted        |       |     1 |     3 ||     4
       Invisible         |       |       |     1 ||     1
  Eat: Chunk             |     3 |     9 |    14 ||    26
       Beef jerky        |       |     1 |       ||     1
       Royal jelly       |       |       |     2 ||     2
       Pizza             |       |       |     1 ||     1
